 Dungeon Crawl Stone Soup version 0.26-a0-652-gafc20e3620 (webtiles) character file.

Game seed: 1829435838594416171

469 Thraspic the Scratcher (level 6, -11/25 HPs)
             Began as a Felid Transmuter on Oct 2, 2020.
             Was an Initiate of Ashenzari.
             Killed by divine providence
             ... invoked by an orc priest
              (16 damage)
             ... on level 6 of the Dungeon.
             The game lasted 00:12:37 (8250 turns).

Thraspic the Scratcher (Felid Transmuter)           Turns: 8250, Time: 00:12:38

Health: -11/25     AC:  6    Str:  7    XL:     6   Next: 82%
Magic:  6/10       EV: 20    Int: 15    God:    Ashenzari [......]
Gold:   259        SH:  0    Dex: 17    Spells: 5/9 levels left
                                        Lives:  0   Deaths: 1

rFire    . . .     SeeInvis +     - Unarmed
rCold    . . .     Faith    .   (shield unavailable)
rNeg     . . .     Spirit   .   (armour unavailable)
rPois    .         Reflect  .   (helmet unavailable)
rElec    .         Harm     .   (cloak unavailable)
rCorr    .         Rampage  .   (gloves unavailable)
MR       ++...                  (boots unavailable)
Stlth    +++.......             (no amulet)
HPRegen  0.08/turn              k - ring of stealth (curse)
MPRegen  0.12/turn              i - +4 ring of protection (curse)

@: quick
A: very small, no armour, no weapons or thrown items, stealth, antennae 1, claws
1, fangs 3, repulsion field 1, see invisible, speed 1, magic resistance 2,
shaggy fur 2, sharp paws
a: Curse Item, Renounce Religion


You were on level 6 of the Dungeon.
You worshipped Ashenzari.
Ashenzari was noncommittal.
You visited 2 branches of the dungeon, and saw 7 of its levels.
You also visited: Ossuary.

You collected 259 gold pieces.

Inventory:

Jewellery
 f - an uncursed ring of protection from fire
 i - a cursed +4 ring of protection (right paw)
 k - a cursed ring of stealth (left paw)
Scrolls
 b - 2 scrolls of fear {unknown}
 c - 5 scrolls of identify
 d - 2 scrolls of teleportation {unknown}
 e - 2 scrolls of fog {unknown}
 g - 2 scrolls of enchant weapon {unknown}
 l - 2 scrolls of amnesia {unknown}
 m - 3 scrolls of remove curse
 o - 2 scrolls of blinking {unknown}
 r - 2 scrolls of enchant armour {unknown}
Potions
 a - 5 potions of stabbing
 h - 3 potions of mutation
 j - a potion of brilliance
 n - 3 potions of heal wounds
 p - 2 potions of curing {unknown}
 q - a potion of invisibility {unknown}
 s - a potion of haste {unknown}


   Skills:
 - Level 1.0 Fighting
 - Level 2.6 Dodging
 * Level 7.4 Unarmed Combat
 - Level 2.0 Spellcasting
 + Level 4.9 Transmutations


You had 5 spell levels left.
You knew the following spells:

 Your Spells              Type           Power        Failure   Level
a - Beastly Appendage     Tmut           ###...       3%          1
b - Spider Form           Tmut/Pois      #.........   24%         3

Your spell library contained the following spells:

 Spells                   Type           Power        Failure   Level
 Wereblood                Tmut           ###.....     4%          2
 Ice Form                 Ice/Tmut       #.......     63%         4
 Blade Hands              Tmut           ###.......   63%         5


Dungeon Overview and Level Annotations

Branches:
Dungeon (6/15)             Temple (1/1) D:5         Ossuary (visited)

Altars:
Ashenzari
Cheibriados
Dithmenos
Fedhas
Gozag
Hepliaklqana
Kikubaaqudgha
Makhleb
Nemelex Xobeh
Okawaru
Qazlal
Ru
Sif Muna
Trog
Uskayaw
Vehumet
Xom
Yredelemnul
Zin
The Shining One


Innate Abilities, Weirdness & Mutations

You cannot wear armour.
You are incapable of wielding weapons or throwing items.
Your paws allow you to move quietly. (Stealth)
You have sharp claws.
You have razor-sharp teeth.
You have supernaturally acute eyesight. (SInv)
You cover ground quickly.
You are covered in thick fur. (AC +2)
Your sharp claws are effective at attacking unaware monsters.
You have a pair of small antennae on your head.
You are surrounded by a mild repulsion field. (EV +2)
You are highly resistant to hostile enchantments. (MR++)


Message History

The orc misses you.
An orc comes into view. It is wielding a +0 club.
You barely miss the orc.
The orc is heavily wounded.
The orc completely misses you. x2
You hit the orc but do no damage.
The orc looks as sick as possible!
The orc is severely wounded.
The orc hits you from afar with a +0 trident.
The orc priest calls down the wrath of Beogh upon you.
Beogh smites you!
Ouch! That really hurt!
* * * LOW HITPOINT WARNING * * *
Your transformation is almost over.
You kill the orc!
Your magical contamination has completely faded away.
Your transformation has ended.
The orc priest calls down the wrath of Beogh upon you.
Beogh smites you!
Ouch! That really hurt!
You die...

########################
................@....oo########
#######################o8.8.8.♣
# #......... # ####.o8.8.8.♣
#....######## #o#####.#..#
#..oo..o...# #######.#..#
#.##...o.


You could see an orc priest and 2 orcs.

Vanquished Creatures
  An ogre (D:4)
  Blork the orc (D:5)
  3 water moccasin zombies (Ossuary)
  A hound (D:4)
  A centaur skeleton (D:4)
  2 worker ants
  2 big kobold zombies (Ossuary)
  A hound zombie (D:5)
  2 mummies (Ossuary)
  4 adders
  An ooze (D:4)
  2 adder zombies (Ossuary)
  3 worms
  4 leopard geckos
  7 orcs
  7 giant cockroaches
  3 gnoll zombies (Ossuary)
  15 goblins
  4 hobgoblins
  3 jackals (D:2)
  2 kobolds (D:2)
  2 quokkas
  6 bats
  2 frilled lizards
  4 hobgoblin zombies (Ossuary)
  3 kobold zombies (Ossuary)
  A leopard gecko zombie (D:5)
  4 orc zombies (Ossuary)
  9 rats
100 creatures vanquished.

Vanquished Creatures (others)
  4 plants (D:2)
4 creatures vanquished.

Grand Total: 104 creatures vanquished

Notes
Turn   | Place    | Note
-------+----------+-------------------------------------------
     0 | D:1      | Thraspic the Felid Transmuter began the quest for the Orb.
     0 | D:1      | Reached XP level 1. HP: 9/9 MP: 4/4
   145 | D:1      | Reached XP level 2. HP: 12/12 MP: 4/6
   189 | D:1      | You fall into a shaft and drop 1 floor!
   812 | D:3      | Reached skill level 4 in Unarmed Combat
   812 | D:3      | Reached XP level 3. HP: 15/15 MP: 5/7
  1103 | D:2      | Learned a level 3 spell: Spider Form
  1437 | D:2      | Found a snail-covered altar of Cheibriados.
  1956 | D:2      | Reached XP level 4. HP: 19/19 MP: 8/8
  2513 | D:2      | Reached skill level 5 in Unarmed Combat
  3591 | D:3      | Found an opulent altar of Gozag.
  3623 | D:3      | Found a shimmering blue altar of Sif Muna.
  3623 | D:3      | Found a shimmering altar of Xom.
  3624 | D:3      | Found a sparkling altar of Nemelex Xobeh.
  3846 | D:4      | Gained mutation: You have a pair of small antennae on your
                  | head. [potion of mutation]
  3846 | D:4      | Gained mutation: You are resistant to hostile enchantments.
                  | (MR+) [potion of mutation]
  3846 | D:4      | Gained mutation: You are highly resistant to hostile
                  | enchantments. (MR++) [potion of mutation]
  3846 | D:4      | Gained mutation: You are surrounded by a mild repulsion
                  | field. (EV +2) [potion of mutation]
  4040 | D:4      | Found a sand-covered staircase.
  4048 | Ossuary  | Entered an ossuary
  4412 | Ossuary  | Reached XP level 5. HP: 18/22 MP: 9/9
  4523 | Ossuary  | Reached skill level 6 in Unarmed Combat
  5092 | Ossuary  | Gained mutation: You are covered in thick fur. (AC +2)
                  | [Felid growth]
  5092 | Ossuary  | Reached XP level 6. HP: 24/25 MP: 10/10
  6082 | Ossuary  | Slain by a mummy
  6083 | Ossuary  | Reached XP level 5. HP: 0/22 MP: 9/9
  6176 | D:4      | Noticed an ogre
  6214 | D:4      | Killed an ogre
  6214 | D:4      | Reached XP level 6. HP: 25/25 MP: 10/10
  6373 | D:4      | Reached skill level 7 in Unarmed Combat
  6700 | D:5      | Entered Level 5 of the Dungeon
  7256 | D:5      | Found a staircase to the Ecumenical Temple.
  7275 | Temple   | Entered the Ecumenical Temple
  7371 | Temple   | Became a worshipper of Ashenzari the Shackled
  7616 | D:5      | Noticed Blork the orc
  7630 | D:5      | Killed Blork the orc
  8250 | D:6      | Killed from afar by an orc priest

Illustrated notes

Levels and vault maps discovered:
D:1:      dpeg_arrival_rooms_a, layout_rooms, minivault_24
D:2:      layout_basic, cheibriados_altar_1, serial_forest,
          infiniplex_forest_clump_C, infiniplex_forest_lined_room_2,
          infiniplex_forest_end_2, infiniplex_forest_clump_cross,
          infiniplex_forest_straight_3, infiniplex_forest_diagonal,
          infiniplex_forest_lined_2
D:3:      layout_rooms, lemuel_doored_altar,
          chequers_temple_overflow_statue_of_worship
D:4:      layout_loops_ring, nicolae_ossuary_entry_ruins, minmay_ogre_servants
D:5:      layout_basic, minmay_temple_entry_mist, ebering_dispersal_statue_hall,
          grunt_ministairs_10, uniq_blork_the_orc
D:6:      lemuel_ice_spiral_2, layout_basic, kennysheep_mini, chequers_avenue
Temple:   regret_index_temple_waves

Skill      XL: |  1  2  3  4  5  6 |
---------------+-------------------+-----
Unarmed Combat | 4 5 6 7 |  7.4
Transmutations | 3 4 |  4.9
Fighting       | |  1.0
Dodging        | |  2.6
Spellcasting   | |  2.0

Action                   |  1- 3 |  4- 6 || total
-------------------------+-------+-------++-------
Melee: Unarmed           |   108 |   286 ||   394
       Bite              |     7 |    22 ||    29
       Headbutt          |     7 |     5 ||    12
       Punch             |     2 |     5 ||     7
 Cast: Beastly Appendage |     9 |     6 ||    15
       Spider Form       |       |     1 ||     1
Invok: Curse Item        |       |     2 ||     2
  Use: Scroll            |       |     5 ||     5
       Potion            |       |     2 ||     2
 Stab: Sleeping          |     2 |     7 ||     9
       Distracted        |       |     1 ||     1
Armor: Skin              |     6 |     5 ||    11
Dodge: Dodged            |    84 |   177 ||   261

Table legend: (Time is in decaauts)
 A = Elapsed time spent in this place.
 B = Non-inter-level travel time spent in this place.
 C = Inter-level travel time spent in this place.
 D = Time resting spent in this place.
 E = Time spent auto-exploring this place.
 F = Levels seen in this place.
 G = Mean time per level.
                   A        B        C        D        E       F      G
               +--------+--------+--------+--------+--------+-----+--------+
         Total |   7648 |   7456 |    192 |   4433 |   2118 |   8 |  956.0 |
       Dungeon |   5505 |   5313 |    192 |   2625 |   2043 |   6 |  917.5 |
        Temple |     95 |     95 |      0 |      0 |     67 |   1 |   95.0 |
       Ossuary |   2048 |   2048 |      0 |   1808 |      7 |   1 | 2048.0 |
               +--------+--------+--------+--------+--------+-----+--------+

Top non-repeatable levels by time:
     D:2: 2327 daAuts
 Ossuary: 2048 daAuts
     D:5: 1244 daAuts
     D:3: 1073 daAuts
     D:4: 632 daAuts
     D:1: 164 daAuts
  Temple: 95 daAuts
     D:6: 63 daAuts
